 Dungeon Crawl Stone Soup version 0.27.0 (webtiles) character file.

Game seed: 7962909438237689340

27 mandarbmax the Sneak (level 3, 0/33 HPs)
             Began as a Hill Orc Delver on July 31, 2021.
             Slain by a jackal (2 damage)
             ... on level 5 of the Dungeon.
             The game lasted 00:01:56 (332 turns).

mandarbmax the Sneak (Hill Orc Delver)               Turns: 332, Time: 00:01:57

Health: 0/33       AC:  3    Str: 15    XL:     3   Next: 10%
Magic:  3/3        EV: 12    Int: 10    God:
Gold:   0          SH:  0    Dex: 18    Spells: 2/2 levels left

rFire    . . .     SeeInvis .   a - +0 hand axe
rCold    . . .     Faith    .   (no shield)
rNeg     . . .     Spirit   .   b - +0 leather armour
rPois    .         Reflect  .   (no helmet)
rElec    .         Harm     .   (no cloak)
rCorr    .         Rampage  .   (no gloves)
Will     .....                  (no boots)
Stlth    +++.......             (no amulet)
HPRegen  0.11/turn              h - +6 ring of dexterity
MPRegen  0.08/turn              (no ring)

@: no status effects
A: no striking features
a: no special abilities


You were on level 5 of the Dungeon.
You visited 1 branch of the dungeon, and saw 2 of its levels.

Inventory:

Hand Weapons
 a - a +0 hand axe (weapon)
Armour
 b - a +0 leather armour (worn)
Jewellery
 h - a +6 ring of dexterity (left hand)
Wands
 g - a wand of digging (2)
Scrolls
 c - a scroll of fog


   Skills:
 - Level 4.0 Fighting
 + Level 3.9 Axes
 - Level 2.0 Dodging
 - Level 4.1 Stealth


You had 2 spell levels left.
You didn't know any spells.
Your spell library was empty.

Dungeon Overview and Level Annotations

Branches:
Dungeon (5/15)
 Temple: D:4-7

Altars:

Annotations:
D:5 Ijyb


Message History

Okay, then.
Okay, then.
The endoplasm quivers.
A kobold comes into view. It is wielding a +0 club.
The quokka closely misses you. The adder barely misses you.
An iguana comes into view.
The quokka barely misses you.
Found a murky green potion.
The quokka barely misses you.
Found a stone staircase leading down.
A goblin comes into view. It is wielding a +0 club.
The quokka barely misses you.
An orc wizard comes into view. It is wielding a +0 dagger.
The kobold shouts!
The quokka twitches its whiskers.
The orc wizard shouts!
An orc comes into view.
It is wielding a +0 hand axe and wearing a +0 scale mail of cold resistance.
Found a trident.
There is a stone staircase leading down here.
The quokka bites you.
* * * LOW HITPOINT WARNING * * *
The adder barely misses you. The quokka misses you.
You climb downwards.
Level annotation: Ijyb
Found a helmet and 7 gold pieces.
There is a stone staircase leading up here.
You completely miss the adder.
The jackal barks! x2
You hit the quokka but do no damage. The adder bites you but does no damage.
The jackal bites you but does no damage.
The quokka bites you but does no damage.
Unknown command.
You hit the adder.
The adder is heavily wounded.
You hit the quokka. You closely miss the jackal. The adder bites you.
* * * LOW HITPOINT WARNING * * *
The jackal closely misses you. The quokka closely misses you.
The jackal bites you.
You die...

*,* ********** #.*
,,,,,,,,,####.##########*********
,,,,,,,,,,..............,,,,,,,,,
,,,,,,,,,**#............**,******
,,,,,,,,,* #............**,*
,,,,,,,,,###............**,*
,,,,,,,,,......hS.......**,*
,,,,,,,,,......h@.......,,,*
***,*,,,,.......r.......*,,*
*,*,,,,...............*,,**
*,*,,,,...............*,,,*
*,*,,,,...............**,,*
*,*,,,,...............,#,,*****
*,*****###.............#,,,,,,,
*,******#####....$##...*,*****,
*>,,,,,,.........###.#**,* *,


You could see an adder, a quokka and 2 jackals.

Vanquished Creatures
  A bullfrog skeleton (D:5)
1 creature vanquished.

Notes
Turn   | Place    | Note
-------+----------+-------------------------------------------
     0 | D:5      | mandarbmax the Hill Orc Delver began the quest for the Orb.
     0 | D:5      | Reached XP level 1. HP: 19/19 MP: 1/1
    25 | D:5      | Reached XP level 2. HP: 13/27 MP: 2/2
    25 | D:5      | Reached XP level 3. HP: 16/33 MP: 3/3
   189 | D:5      | Noticed Ijyb
   332 | D:5      | Slain by a jackal

Illustrated notes

Levels and vault maps discovered:
D:4:      layout_basic, mainiacjoe_overflow_24_doors, lightli_sewer_entry_pipes
D:5:      layout_basic, nicolae_sif_muna_condensation, uniq_pikel, uniq_ijyb

Skill      XL: |  1 |
---------------+----+-----
Fighting       | 4 |  4.0
Axes           | 3 |  3.9
Dodging        | 2 |  2.0
Stealth        | |  4.1

Action                   || total
-------------------------++-------
Melee: Hand axe          ||    34
Evoke: Wand              ||     1
  Use: Scroll            ||     2
       Potion            ||     1
Armor: Leather armour    ||     5
Dodge: Dodged            ||    32
